 Dungeon Crawl Stone Soup version 0.23.2 (webtiles) character file.

Game seed: 11235225507133506576

271 Borgoz the Cutter (level 6, -2/38 HPs)
             Began as a Kobold Gladiator on Apr 11, 2019.
             Slain by an orc warrior
             ... wielding a +0 scimitar
              (25 damage)
             ... on level 3 of the Dungeon.
             The game lasted 00:05:42 (3623 turns).

Borgoz the Cutter (Kobold Gladiator)                Turns: 3623, Time: 00:05:43

Health: -2/38      AC:  3    Str: 13    XL:     6   Next: 47%
Magic:  6/6        EV: 21    Int: 14    God:
Gold:   144        SH:  0    Dex: 22    Spells: 5/5 levels left

rFire    . . .     SeeInvis .   a - +0 rapier
rCold    . . .     Gourm    .   (shield restricted)
rNeg     . . .     Faith    .   g - +0 ring mail
rPois    +         Spirit   .   c - +0 helmet
rElec    .         Reflect  .   (no cloak)
rCorr    .         Harm     .   (no gloves)
MR       .....                  (no boots)
Stlth    +++.......             (no amulet)
HPRegen  0.12/turn              i - ring of poison resistance
MPRegen  0.10/turn              n - -3 ring of protection (curse)

@: brilliant, agile
A: small, carnivore
a: no special abilities


You were on level 3 of the Dungeon.
You were full.

You visited 1 branch of the dungeon, and saw 4 of its levels.

You collected 144 gold pieces.

Inventory:

Hand Weapons
 a - a +0 rapier (weapon)
Armour
 c - a +0 helmet (worn)
 g - a +0 ring mail (worn)
Jewellery
 i - a ring of poison resistance (left hand)
 n - a cursed -3 ring of protection (right hand)
Scrolls
 b - a scroll of enchant armour {unknown}
 j - a scroll of amnesia {unknown}
 k - a scroll of remove curse {unknown}
 l - 2 scrolls of fog
 m - a scroll of enchant weapon {unknown}
 o - a scroll of teleportation {unknown}
 p - a scroll of blinking
Comestibles
 f - 6 rations


   Skills:
 + Level 3.6 Fighting
 + Level 5.2 Short Blades
 - Level 2.1 Throwing
 + Level 1.9 Armour
 + Level 4.9 Dodging
 + Level 3.5 Stealth


You had 5 spell levels left.
You didn't know any spells.
Your spell library was empty.

Dungeon Overview and Level Annotations

Branches:
Dungeon (4/15)
 Temple: D:4-7

Altars:
Okawaru
Qazlal
Uskayaw

Annotations:
D:3 2 transporters, troglodite's ghost, amateur DsBe


Innate Abilities, Weirdness & Mutations

You are small and have problems with some larger weapons.
You are carnivorous and can eat meat at any time.


Message History

The orc warrior is heavily wounded.
The jackal barely misses you. The orc warrior completely misses you.
The jackal completely misses you.
You hit the orc warrior but do no damage.
The orc warrior is heavily wounded.
The orc warrior misses you. The jackal completely misses you.
You hit the orc warrior but do no damage.
The orc warrior is heavily wounded.
The jackal bites you but does no damage.
The orc warrior closely misses you.
You closely miss the orc warrior.
The orc warrior is heavily wounded.
The jackal bites you. The jackal barely misses you.
The orc warrior completely misses you.
You hit the orc warrior.
The orc warrior is severely wounded.
The jackal misses you.
The orc warrior hits you with a +0 scimitar!!
Ouch! That really hurt!
You die...

....###.###.# ........#
#.# .##.###.###.# ###<#
#.....# #.# ###.### #
#.# #.# # #.# #.#
###.#####.##############
..............Oh@o....(#
###.#####......#######.#
###.# ####.....# #.#
....# #.....# #.# #####
#.....# #.# # #.....#
#.# ###### #.....# #.#
.....# ##.#### #.#
####.# #.# #.###


You could see an orc warrior, an ogre and a jackal.

Vanquished Creatures
  A howler monkey (D:2)
  A hound (D:3)
  Terence (D:3)
  3 gnolls (D:2)
  7 adders
  A shadow imp (D:3)
  4 dart slugs
  5 leopard geckos
  An orc (D:3)
  A giant cockroach (D:2)
  9 goblins
  7 hobgoblins
  A jackal (D:3)
  9 bats
  4 frilled lizards
  8 kobolds
  9 rats
72 creatures vanquished.

Vanquished Creatures (others)
  6 plants (D:3)
6 creatures vanquished.

Grand Total: 78 creatures vanquished

Notes
Turn   | Place    | Note
-------+----------+-------------------------------------------
     0 | D:1      | Borgoz the Kobold Gladiator began the quest for the Orb.
     0 | D:1      | Reached XP level 1. HP: 12/12 MP: 1/1
   216 | D:1      | Reached XP level 2. HP: 18/18 MP: 2/2
   291 | D:1      | Reached skill level 1 in Stealth
   475 | D:1      | Reached XP level 3. HP: 21/22 MP: 3/3
  1145 | D:2      | You fall through a shaft for 2 floors!
  1146 | D:4      | Noticed an orc warrior
  1148 | D:4      | Noticed an ogre
  1499 | D:3      | Reached skill level 1 in Armour
  1509 | D:3      | Found a transporter.
  1545 | D:2      | Reached XP level 4. HP: 27/27 MP: 4/4
  1672 | D:2      | Reached XP level 5. HP: 27/32 MP: 5/5
  1752 | D:2      | Found a hide-covered altar of Uskayaw.
  1752 | D:2      | Found a stormy altar of Qazlal.
  2243 | D:2      | Found a faded altar of an unknown god.
  2509 | D:3      | Found an iron altar of Okawaru.
  2526 | D:3      | Reached skill level 5 in Short Blades
  2657 | D:3      | Found a transporter.
  2660 | D:3      | Noticed troglodite's ghost (amateur DsBe)
  2750 | D:3      | Reached XP level 6. HP: 24/37 MP: 6/6
  3127 | D:3      | Noticed Terence
  3147 | D:3      | Killed Terence
  3623 | D:3      | Slain by an orc warrior

Skill      XL: |  1  2  3  4  5 |
---------------+----------------+-----
Stealth        | 1 2 3 |  3.5
Dodging        | 4 |  4.9
Armour         | 1 |  1.9
Fighting       | 3 |  3.6
Short Blades   | 5 |  5.2
Throwing       | |  2.1

Action                   |  1- 3 |  4- 6 || total
-------------------------+-------+-------++-------
Melee: Rapier            |    83 |   189 ||   272
Throw: Throwing net      |     2 |     5 ||     7
  Use: Scroll            |       |     6 ||     6
       Potion            |       |     4 ||     4
 Stab: Sleeping          |     9 |     4 ||    13
       Held in net/web   |     1 |     1 ||     2
  Eat: Chunk             |     8 |     6 ||    14
Armor: Leather armour    |    18 |     4 ||    22
       Ring mail         |       |    23 ||    23
Dodge: Dodged            |    79 |   176 ||   255
